AoeStats
← Jafarr

Arabia

510111837Analyzed
1v1 RM · 4d ago on Sep 29, 2026· 48m 30s· 2 players
Game mode
Random Map
Map size
Tiny (2 player)
Population
200
Speed
Normal
Resources
Standard
Victory
Conquest
Starting age
Dark Age
Ending age
Imperial Age
RankedLock teamsTeams togetherTeam positionsShared explorationLock speedFull tech treeHidden civsTurbo modeCheats
Victory
Defeat
🇺🇸 Byzantines · United States
1242
+14
🇦🇷 Lithuanians · Argentina
1199
-14
Jafarr
6:47 Loom
9:04 Feudal Age
9:21 Man-at-Arms
11:25 Double-Bit Axe
18:39 Padded Archer Armor
19:29 Fletching
24:02 Castle Age
21:56 Horse Collar
24:02 Forging
25:01 Scale Mail Armor
26:49 Bow Saw
26:40 Heavy Plow
27:22 Squires
28:43 Wheelbarrow
29:30 Arson
34:35 Gold Mining
35:01 Hand Cart
34:58 Gambesons
36:14 Iron Casting
38:51 Pikeman
47:47 Imperial Age
46:05 Elite Skirmisher
46:51 Thumb Ring
47:28 Bodkin Arrow
48:18 Leather Archer Armor
47:51 Elite Varangian Guard
47:58 Capped Ram
CrazyPants32
6:10 Loom
8:38 Feudal Age
9:26 Double-Bit Axe
14:01 Town Watch
15:43 Fletching
23:52 Castle Age
22:23 Bloodlines
23:44 Forging
24:04 Horse Collar
26:04 Scale Barding Armor
26:34 Husbandry
29:59 Chain Barding Armor
33:33 Wheelbarrow
33:09 Devotion
35:18 Iron Casting
42:20 Imperial Age
41:15 Padded Archer Armor
41:14 Bodkin Arrow
41:51 Padded Archer Armor
42:27 Cavalier
44:09 Elite Skirmisher
Connection lost

Rejoining the realm…

Still unreachable

The connection could not be restored.

Session expired

The server has moved on; the page needs a fresh start.